 Dungeon Crawl Stone Soup version 0.31.0-9-g3a7656b989 (webtiles) character file.

Game seed: 17177866438957376446

38 qw the Shooter (level 3, -1/18 HPs)
             Began as a Spriggan Hunter on Feb 2, 2024.
             Slain by an adder (4 damage)
             ... on level 2 of the Dungeon.
             The game lasted 00:00:03 (930 turns).

qw the Shooter (Spriggan Hunter)                     Turns: 930, Time: 00:00:04

Health: -1/18      AC:  2    Str:  7    XL:     3   Next: 25%
Magic:  4/4        EV: 19    Int: 10    God:
Gold:   81         SH:  0    Dex: 20    Spells: 2/2 levels left

rFire   + . .        a - +0 shortbow
rCold   . . .        (shield currently unavailable)
rNeg    . . .        c - +0 robe
rPois   .            (helmet restricted)
rElec   .            (no cloak)
rCorr   .            (gloves unavailable)
SInv    +            (boots unavailable)
Will    .....        (no amulet)
Stlth   ++           d - ring of protection from fire
HPRegen 0.23/turn    (no ring)
MPRegen 0.09/turn

%: no passive effects
@: very quick
A: very small, no large weapons, unfitting armour, see invisible, speed 3
a: no special abilities


You were on level 2 of the Dungeon.
You visited 1 branch of the dungeon, and saw 2 of its levels.

You collected 81 gold pieces.


Innate Abilities, Weirdness & Mutations

You are very small and have problems with some larger weapons.
You are too small for most types of armour.
You have supernaturally acute eyesight. (SInv)
You cover ground extremely quickly. (Speed+++)


   Skills:
 - Level 1.5 Fighting
 + Level 4.6 Ranged Weapons
 - Level 4.0 Dodging
 - Level 1.5 Stealth


You had 2 spell levels left.
You didn't know any spells.
Your spell library was empty.

Inventory:

Hand Weapons
 a - a +0 shortbow (weapon)
Armour
 c - a +0 robe (worn)
Jewellery
 d - a ring of protection from fire (left hand)
Scrolls
 b - 2 scrolls of identify
Potions
 e - a potion of cancellation {unknown}
 g - a potion of curing
 h - a potion of lignification {unknown}

Dungeon Overview and Level Annotations

Branches:
Dungeon (2/15)

Altars:


Message History

The adder closely misses you.
The giant cockroach bites you but does no damage.
You shoot an arrow.
The arrow barely misses the giant cockroach.
The adder misses you.
The giant cockroach completely misses you.
The adder bites you.
You are poisoned.
The adder poisons you!
You shoot an arrow.
The arrow barely misses the giant cockroach.
You feel sick. The giant cockroach closely misses you.
The adder closely misses you. The giant cockroach misses you.
You shoot an arrow.
The arrow closely misses the giant cockroach.
You feel sick. The adder bites you. The giant cockroach barely misses you.
The adder closely misses you.
You shoot an arrow.
The arrow closely misses the giant cockroach.
You feel sick. The giant cockroach bites you. The adder bites you.
You are more poisoned.
The adder poisons you!
You shoot an arrow.
The arrow barely misses the giant cockroach.
You feel sick. The giant cockroach barely misses you.
The adder barely misses you. The adder closely misses you.
The giant cockroach closely misses you.
You shoot an arrow. The arrow hits the giant cockroach!
You kill the giant cockroach!
You feel sick. The adder misses you.
You shoot an arrow. The arrow hits the adder.
The adder is heavily wounded.
You feel sick. The adder misses you. The adder bites you but does no damage.
You shoot an arrow. The arrow misses the adder.
You feel sick. The adder misses you.
You shoot an arrow. The arrow completely misses the adder.
You feel sick.
You are no longer poisoned.
The adder bites you.
You die...

#### # ## #..#
.#.#.#. ...#
.......####..#
#S@.....# ..
......###....# #.#.#
.#.#.####....# #.#.#
...........####.#.#
......##.#.........#
.. ...
#............# # #
#.#.##..####.#.#
...............#
############...#


You could see an adder.

Vanquished Creatures
  A dart slug (D:1)
  2 ball pythons
  4 bats
  5 endoplasms
  4 giant cockroaches
  2 goblins (D:1)
  A hobgoblin (D:2)
  6 kobolds
  3 quokkas
  3 frilled lizards
  A rat (D:1)
32 creatures vanquished.

Notes
Turn   | Place    | Note
-------+----------+-------------------------------------------
     0 | D:1      | qw the Spriggan Hunter began the quest for the Orb.
     0 | D:1      | Reached XP level 1. HP: 10/10 MP: 2/2
     0 | D:1      | 0 ||| qw: Version: 0.3-a-155-g5e7d8dd
     0 | D:1      | 0 ||| qw: Game counter: 1484
     0 | D:1      | 0 ||| qw: Melee chars always use a shield: true
     0 | D:1      | 0 ||| qw: God list: Okawaru
     0 | D:1      | 0 ||| qw: Allow faded altars: false
     0 | D:1      | 0 ||| qw: Do Orc after clearing Dungeon:15 true
     0 | D:1      | 0 ||| qw: Do second Lair branch before Depths: true
     0 | D:1      | 0 ||| qw: Lair rune preference: random
     0 | D:1      | 0 ||| qw: Goals: Normal
     0 | D:1      | 0 ||| PLANNING D:1-11
    34 | D:1      | Reached skill level 3 in Dodging
    68 | D:1      | Reached XP level 2. HP: 14/14 MP: 3/3
   514 | D:1      | 514 ||| UPGRADING to ring of protection from fire.
   515 | D:1      | 515 ||| READING scroll labelled MIECAU ATTITH.
   616 | D:1      | 616 ||| READING scroll labelled NISHI OQIDA.
   616 | D:1      | 616 ||| IDENTIFYING murky red potion
   617 | D:1      | 617 ||| DROPPING scroll of butterflies.
   719 | D:2      | Reached XP level 3. HP: 18/18 MP: 4/4
   930 | D:2      | HP: 3/18 [poisoned by an adder]
   930 | D:2      | Slain by an adder

Levels and vault maps discovered:
D:1:      wander_arrival_chamber, layout_rooms, nicolae_twisty_statue_hallways
D:2:      minmay_razor_zed, layout_basic, st_stairs_13

Skill      XL: |  1  2 |
---------------+-------+-----
Dodging        | 3 4 |  4.0
Fighting       | |  1.5
Ranged Weapons | |  4.6
Stealth        | |  1.5

Action                     || total
---------------------------++-------
   Fire: Shortbow          ||   101
    Use: Scroll            ||     2
 Armour: Robe              ||    18
  Dodge: Dodged            ||    45

Table legend:
 A = Non-vault XP
 B = Vault XP
 C = Vault XP percentage of total XP
 D = Non-vault monster count
 E = Vault monster count
 F = Vault count percentage of total count
                 A         B        C        D         E       F
            +---------+---------+-------+---------+---------+-------
      Total |      49 |       6 |  10.9 |      29 |       3 |   9.4
            +---------+---------+-------+---------+---------+-------
        D:1 |      40 |       0 |   0.0 |      22 |       0 |   0.0
        D:2 |       9 |       6 |  40.0 |       7 |       3 |  30.0
            +---------+---------+-------+---------+---------+-------
